 Dungeon Crawl Stone Soup version 0.28-a0-1334-g1c9ffb4daf (webtiles) character file.

Game seed: 10968827845377700046

105 Grim the Poker (level 5, 0/41 HPs)
             Began as a Formicid Fighter on Dec 28, 2021.
             Slain by a river rat (6 damage)
             ... on level 3 of the Dungeon.
             The game lasted 00:04:20 (2249 turns).

Grim the Poker (Formicid Fighter)                   Turns: 2249, Time: 00:04:20

Health: 0/41       AC: 11    Str: 23    XL:     5   Next: 8%
Magic:  5/5        EV:  6    Int:  7    God:
Gold:   110        SH:  4    Dex: 10    Spells: 4/4 levels left

rFire   . . .      SeeInvis +   a - +0 trident
rCold   . . .      Faith    .   c - +0 buckler
rNeg    . . .      Spirit   .   k - +0 plate armour
rPois   .          Reflect  .   (helmet unavailable)
rElec   .          Harm     .   (no cloak)
rCorr   .          Rampage  .   (no gloves)
Will    .....                   (no boots)
Stlth   ..........              (no amulet)
HPRegen 0.13/turn               (no ring)
MPRegen 0.09/turn               (no ring)

@: very slow
A: permanent stasis, dig shafts and tunnels, antennae 3, four strong arms
a: Dig, Shaft Self


You were on level 3 of the Dungeon.
You visited 1 branch of the dungeon, and saw 3 of its levels.

You collected 110 gold pieces.

Inventory:

Hand Weapons
 a - a +0 trident (weapon)
Missiles
 g - 18 poisoned darts
 p - 23 stones
Armour
 c - a +0 buckler (worn)
 k - a +0 plate armour (worn)
Jewellery
 j - a ring of flight
Scrolls
 b - a scroll of teleportation {unknown}
 i - a scroll of immolation {unknown}
 l - a scroll of holy word {unknown}
 n - 2 scrolls of identify {unknown}
Potions
 d - 2 potions of might
 e - a potion of curing {unknown}
 f - a potion of degeneration {unknown}
 h - a potion of mutation {unknown}
 m - a potion of ambrosia {unknown}
 o - a potion of haste {unknown}


   Skills:
 - Level 3.2 Fighting
 * Level 4.1 Polearms
 - Level 0.8(1.6) Slings
 + Level 1.9(2.0) Throwing
 - Level 3.2 Armour
 - Level 3.6 Shields


You had 4 spell levels left.
You didn't know any spells.
Your spell library contained the following spells:

 Spells                   Type           Power      Damage    Failure   Level
 Magic Dart               Conj           0%         1d3       100%        1
 Call Imp                 Summ           0%         N/A       100%        2
 Confusing Touch          Hex            0%         N/A       100%        3
 Mephitic Cloud           Conj/Pois/Air  0%         N/A       100%        3
 Yara's Violent Unravell  Hex/Tmut       0%         3d3       100%        5
 Enfeeble                 Hex            0%         N/A       100%        7


Dungeon Overview and Level Annotations

Branches:
Dungeon (3/15)

Altars:
Ru

Shops:
D:2 :


Innate Abilities, Weirdness & Mutations

You cannot be hasted, slowed, berserked, paralysed or teleported.
You can dig through walls and to a lower floor.
You have a pair of large antennae on your head. (SInv)
Your four strong arms can wield two-handed weapons with a shield.


Message History

* * * LOW HITPOINT WARNING * * *
You closely miss the river rat. The river rat barely misses you.
You closely miss the river rat.
The river rat bites you but does no damage.
You puncture the river rat!
The river rat is heavily wounded.
The river rat bites you.
* * * LOW HITPOINT WARNING * * *
Your unstable footing causes you to fumble your attack.
You block the river rat's attack.
You hit the river rat.
The river rat is severely wounded.
The river rat barely misses you.
You hit the river rat.
You kill the river rat!
Your life force feels restored.
You have reached level 5!
A river rat comes into view.
The river rat bites you!
* * * LOW HITPOINT WARNING * * *
The river rat bites you but does no damage.
You closely miss the river rat. The river rat barely misses you.
Your unstable footing causes you to fumble your attack.
The river rat bites you but does no damage.
You barely miss the river rat.
The river rat bites you but does no damage.
Your unstable footing causes you to fumble your attack.
The river rat bites you.
* * * LOW HITPOINT WARNING * * *
You closely miss the river rat.
The river rat bites you but does no damage.
The river rat bites you.
* * * LOW HITPOINT WARNING * * *
You closely miss the river rat. The river rat barely misses you.
You barely miss the river rat.
The river rat bites you but does no damage.
You barely miss the river rat. The river rat bites you.
* * * LOW HITPOINT WARNING * * *
You barely miss the river rat. The river rat bites you.
You die...

#.####...).......###.#
#...........#######..
#.....≈.....## #.#
#..≈≈≈≈≈.≈..######.#
#####≈#≈#≈≈........#####
#≈≈≈≈≈≈≈≈≈#............
#≈########..###########
#≈≈≈≈≈≈# #### #.<
####≈#@# ####.#
#≈≈≈≈#r#{ ###....#
#≈##≈#≈# ####...#### #
#≈≈#≈#{ ##....###
#≈##≈#{###..####
{#≈##≈≈{#...## #≈≈#≈#
##### ## ##########.# #.
#......##.######## ##.


You could see a river rat.

Vanquished Creatures
  2 river rats (D:3)
  3 adders
  3 dart slugs
  4 ball pythons
  6 bats
  4 endoplasms
  2 giant cockroaches
  4 goblins
  4 hobgoblins
  4 jackals (D:2)
  5 kobolds
  A quokka (D:1)
  3 frilled lizards
  4 rats
49 creatures vanquished.

Notes
Turn   | Place    | Note
-------+----------+-------------------------------------------
     0 | D:1      | Grim the Formicid Fighter began the quest for the Orb.
     0 | D:1      | Reached XP level 1. HP: 18/18 MP: 1/1
   108 | D:1      | Reached XP level 2. HP: 24/24 MP: 2/2
   610 | D:1      | Reached XP level 3. HP: 27/29 MP: 3/3
   795 | D:2      | Reached skill level 3 in Polearms
  1042 | D:2      | Reached skill level 1 in Throwing
  1160 | D:2      | Found Dauviur's Book Shoppe.
  1244 | D:2      | Reached XP level 4. HP: 35/35 MP: 4/4
  1615 | D:3      | Found a sacrificial altar of Ru.
  2213 | D:3      | Reached skill level 4 in Polearms
  2223 | D:3      | Reached XP level 5. HP: 18/41 MP: 5/5
  2249 | D:3      | Slain by a river rat

Illustrated notes

Levels and vault maps discovered:
D:1:      psy_arrival_fountain, layout_basic
D:2:      layout_basic, serial_shops, shop
D:3:      layout_rooms, mainiacjoe_overflow_brackets, lightli_sewer_entry_pipes,
          shapermc_ecumenical_altar_petra, nicolae_underground_beach

Skill      XL: |  1  2  3  4 |
---------------+-------------+-----
Polearms       | 3 4 |  4.1
Throwing       | 1 |  1.9
Fighting       | |  3.2
Slings         | |  0.8
Armour         | |  3.2
Shields        | |  3.6

Action                   |  1- 3 |  4- 6 || total
-------------------------+-------+-------++-------
Melee: Trident           |   118 |    88 ||   206
 Abil: Dig               |       |     5 ||     5
Armor: Scale mail        |    29 |       ||    29
       Plate armour      |    29 |    37 ||    66
Dodge: Dodged            |    45 |    30 ||    75
Block: Buckler           |    19 |    19 ||    38

Table legend: (Time is in decaauts)
 A = Elapsed time spent in this place.
 B = Non-inter-level travel time spent in this place.
 C = Inter-level travel time spent in this place.
 D = Time resting spent in this place.
 E = Time spent auto-exploring this place.
 F = Levels seen in this place.
 G = Mean time per level.
                   A        B        C        D        E       F      G
               +--------+--------+--------+--------+--------+-----+--------+
         Total |   2297 |   2212 |     85 |    414 |   1133 |   3 |  765.7 |
       Dungeon |   2297 |   2212 |     85 |    414 |   1133 |   3 |  765.7 |
               +--------+--------+--------+--------+--------+-----+--------+

Top non-repeatable levels by time:
     D:2: 786 daAuts
     D:1: 760 daAuts
     D:3: 750 daAuts
